 Dungeon Crawl Stone Soup version 0.17-a0-1882-g750edc8 (webtiles) character file.

3635 shakdrar the Spear-Bearer (level 10, -1/80 HPs)
             Began as a Formicid Fighter on Sept 22, 2015.
             Was an Initiate of Ashenzari.
             Killed from afar by an orc wizard (6 damage)
             ... with a puff of flame
             ... on level 8 of the Dungeon.
             The game lasted 00:30:50 (7411 turns).

shakdrar the Spear-Bearer (Formicid Fighter)        Turns: 7411, Time: 00:30:51

Health: -1/80      AC: 15    Str: 23    XL:     10   Next: 33%
Magic:  10/10      EV:  6    Int:  9    God:    Ashenzari [......]
Gold:   268        SH: 11    Dex: 10    Spells: 0 memorised, 9 levels left

rFire  . . .     SeeInvis +     i - +0 halberd (drain)
rCold  . . .     Clarity  .     v - +0 plate armour
rNeg   . . .     SustAt   .     c - +0 shield
rPois  .         Gourm    .     (helmet unavailable)
rElec  .         Spirit   .     (no cloak)
rCorr  .         Warding  .     l - +1 pair of gloves
rMut   .         Stasis   +     (no boots)
MR     +....                    (no amulet)
Stlth  ..........               (no ring)
                                (no ring)

@: somewhat resistant to hostile enchantments, extremely unstealthy
A: permanent stasis, dig shafts and tunnels, four strong arms, antennae 3
a: Dig, Shaft Self, Renounce Religion


You were on level 8 of the Dungeon.
You worshipped Ashenzari.
Ashenzari was noncommittal.
You were near starving.

You visited 2 branches of the dungeon, and saw 9 of its levels.

You collected 268 gold pieces.

Inventory:

Hand weapons
 a - a +1 trident
 i - a +0 halberd of draining (weapon)
Missiles
 m - 28 poisoned needles
Armour
 b - a +0 scale mail
 c - a +0 shield (worn)
 j - a +0 chain mail
 l - a +1 pair of gloves (worn)
 v - a +0 plate armour (worn)
Magical devices
 s - a wand of digging (16)
Scrolls
 f - 3 scrolls of remove curse
 g - 9 scrolls of identify
 k - a scroll of magic mapping
 n - 2 scrolls of blinking
 q - 2 scrolls of fog
 r - 2 scrolls of amnesia
Potions
 d - 2 potions of curing
 t - a potion of flight {unknown}
 w - a potion of brilliance
Comestibles
 e - 11 bread rations
 h - 2 meat rations
 o - 2 beef jerkies
 p - a slice of pizza


   Skills:
 + Level 7.8 Fighting
 * Level 9.2 Polearms
 + Level 7.8 Armour
 + Level 8.3 Shields


You had 9 spell levels left.
You didn't know any spells.

Dungeon Overview and Level Annotations

Branches:
Dungeon (8/15)             Temple (1/1) D:4            Lair (0/8) D:8

Altars:
Ashenzari
Cheibriados
Dithmenos
Fedhas
Gozag
Kikubaaqudgha
Okawaru
Vehumet

Annotations:
D:2 Sigmund


Innate Abilities, Weirdness & Mutations

You are under a permanent stasis effect.
You can dig through walls and to a lower floor.
Your four strong arms can wield two-handed weapons with a shield.
You have a pair of large antennae on your head (SInv).


Message History

The orc wizard is severely wounded.
You block the orc wizard's attack. You block the orc warrior's attack.
You closely miss the orc wizard.
The orc wizard is severely wounded.
You block the orc wizard's attack.
You hit the orc warrior.
The orc warrior is lightly wounded.
The orc wizard hits you with a dagger.
* * * LOW HITPOINT WARNING * * *
You block the orc warrior's attack.
Your plate armour prevents you from hitting the orc warrior.
You block the orc wizard's attack. The orc warrior hits you with a glaive!
* * * LOW HITPOINT WARNING * * *
You puncture the orc warrior!
The orc warrior is moderately wounded.
The orc wizard hits you but does no damage.
You block the orc warrior's attack.
The orc wizard points at you and mumbles some strange words.
The puff of flame hits you!
You die...

..#.#..# #..............## #).
..#....#################..# ###
...........)....[...# #..#
..............#####.####..#
###.......................#######
..+.(............................
###...........######.....#.....##
#...........o.####..##.#.##....
#...........o.@...#....#.##..##
###...........).###.#.#..#.##..#
................# #...#..#.##..#
...####.........#####.##.#.##..#
...# #......##.#........#.#...#
...# #......##.#.......##.#..###
...# #......##............#.....
#### #......#####....(.#####.###
#......# #......## #.#


You could see an orc warrior and an orc wizard.

Vanquished Creatures
  Gastronok (D:8)
  An ice beast (D:5)
  A sky beast (D:8)
  An orc warrior (D:7)
  A centaur (D:6)
  3 giant frogs
  5 scorpions
  A gnoll sergeant (D:6)
  A water moccasin skeleton (D:5)
  A vampire bat (D:6)
  A hound (D:5)
  2 centaur zombies
  An orc priest (D:6)
  A jelly (D:3)
  5 orc wizards
  2 giant frog skeletons
  5 worker ants
  The ghost of 4thArraOfDagon the Skirmisher, a weakling OgIE (D:7)
  The ghost of 4thArraOfDagon the Ruffian, a weakling DrTm (D:5)
  A hound skeleton (D:4)
  8 adders
  10 gnolls
  A shadow imp (D:8)
  An adder skeleton (D:5)
  A worm (D:5)
  2 giant geckos
  10 orcs
  A ball python (D:5)
  4 bat skeletons (D:6)
  2 bat zombies (D:6)
  6 giant cockroaches
  5 goblins
  10 hobgoblins
  8 bats
  A giant gecko skeleton (D:4)
  5 giant newts
  11 jackals
  A jackal skeleton (D:8)
  5 kobolds
  7 rats
135 creatures vanquished.

Notes
Turn   | Place    | Note
--------------------------------------------------------------
     0 | D:1      | shakdrar the Formicid Fighter began the quest for the Orb.
     0 | D:1      | Reached XP level 1. HP: 18/18 MP: 1/1
   186 | D:1      | Reached XP level 2. HP: 18/24 MP: 2/2
   721 | D:1      | Reached XP level 3. HP: 29/29 MP: 3/3
  1487 | D:2      | Reached skill level 4 in Shields
  1570 | D:2      | Reached XP level 4. HP: 33/37 MP: 4/4
  1750 | D:2      | Noticed Sigmund
  2193 | D:3      | Reached XP level 5. HP: 29/42 MP: 5/5
  2497 | D:4      | Found a staircase to the Ecumenical Temple.
  2527 | Temple   | Entered the Ecumenical Temple
  2851 | Temple   | Became a worshipper of Ashenzari the Shackled
  2999 | D:4      | Reached XP level 6. HP: 41/48 MP: 6/6
  3007 | D:4      | HP: 1/48 [gnoll/halberd (8)]
  3020 | D:5      | Entered Level 5 of the Dungeon
  3729 | D:5      | Noticed 4thArraOfDagon's ghost (weakling DrTm)
  3752 | D:5      | Killed 4thArraOfDagon's ghost
  3867 | D:5      | Reached XP level 7. HP: 41/55 MP: 7/7
  4139 | D:5      | Noticed an ice beast
  4155 | D:5      | Killed an ice beast
  4155 | D:5      | Reached skill level 5 in Polearms
  4155 | D:5      | Reached skill level 5 in Shields
  4295 | D:5      | Reached skill level 5 in Armour
  4610 | D:6      | Reached skill level 5 in Fighting
  4775 | D:6      | Reached XP level 8. HP: 55/62 MP: 8/8
  4981 | D:6      | Reached skill level 6 in Polearms
  5767 | D:6      | Found an ancient bone altar of Kikubaaqudgha.
  5882 | D:7      | Noticed 4thArraOfDagon's ghost (weakling OgIE)
  6101 | D:7      | Reached XP level 9. HP: 69/69 MP: 9/9
  6106 | D:7      | Reached skill level 7 in Polearms
  6229 | D:7      | Killed 4thArraOfDagon's ghost
  6418 | D:7      | Found a blossoming altar of Fedhas.
  6837 | D:8      | Noticed a centaur zombie
  6848 | D:8      | Killed a centaur zombie
  6855 | D:8      | Noticed Gastronok
  6887 | D:8      | Killed Gastronok
  6887 | D:8      | Reached skill level 9 in Polearms
  6887 | D:8      | Reached XP level 10. HP: 21/80 MP: 10/10
  7151 | D:8      | Found a staircase to the Lair.
  7409 | D:8      | HP: 4/80 [orc warrior/glaive (13)]
  7411 | D:8      | Killed from afar by an orc wizard

Vault maps used:
D:1:      dpeg_arrival_pits
D:2:      uniq_sigmund
D:3:      first_bread
D:4:      minmay_temple_entry_mist, kennysheep_another_room
D:6:      kennysheep_vampire_church, lightli_ossuary_entry_decrepit_ruins
D:7:      kennysheep_big_flooded_room, minitemple, uniq_crazy_yiuf_cottage
D:8:      lair_0_dummy, blue_anna_alchemist, uniq_erica, uniq_gastronok
Temple:   dpeg_five_rooms_temple_12

Action                   |  1- 3 |  4- 6 |  7- 9 | 10-12 || total
-------------------------+-------+-------+-------+-------++-------
Melee: Trident           |   133 |   181 |     4 |       ||   318
       Halberd           |       |       |   333 |    27 ||   360
  Use: Scroll            |     5 |     4 |     7 |       ||    16
       Potion            |     1 |     5 |     2 |       ||     8
  Eat: Chunk             |     2 |     8 |    10 |       ||    20
